 Dungeon Crawl Stone Soup version 0.32-a0-999-gfa1cc04b1d (webtiles) character file.

Game seed: 16954440468549886582

107 DrKenneth the Shield-Bearer (level 4, -2/41 HPs)
             Began as a Minotaur Fighter on Apr 24, 2024.
             Succumbed to a gnoll's poison
             ... on level 3 of the Dungeon.
             The game lasted 00:03:11 (1190 turns).

DrKenneth the Shield-Bearer (Minotaur Fighter)      Turns: 1190, Time: 00:03:11

Health: -2/41      AC:  7    Str: 22    XL:     4   Next: 57%
Magic:  3/3        EV:  8    Int:  5    God:
Gold:   37         SH:  4    Dex: 10    Spells: 3/3 levels left

rFire   . . .        a - +0 war axe
rCold   . . .        c - +0 buckler
rNeg    . . .        b - +0 scale mail
rPois   .            (helmet restricted)
rElec   .            (no cloak)
rCorr   .            (no gloves)
SInv    .            (no boots)
Will    .....        (no amulet) Stlth
                     n - +4 ring of slaying
HPRegen 0.26/turn    (no ring)
MPRegen 0.08/turn

%: no passive effects
@: lethally poisoned (-2 -> -32)
A: horns 2, retaliatory headbutt
a: no special abilities


You were on level 3 of the Dungeon.
You visited 1 branch of the dungeon, and saw 3 of its levels.

You collected 37 gold pieces.

Inventory:

Hand Weapons
 a - a +0 war axe (weapon)
Armour
 b - a +0 scale mail (worn)
 c - a +0 buckler (worn)
Jewellery
 n - a +4 ring of slaying (left hand)
Wands
 m - a wand of paralysis (15)
Scrolls
 e - a scroll of teleportation {unknown}
 f - 4 scrolls of identify {unknown}
 h - a scroll of amnesia {unknown}
 j - 2 scrolls of revelation {unknown}
 l - a scroll of poison {unknown}
 o - a scroll of immolation {unknown}
Potions
 d - a potion of might
 g - a potion of ambrosia {unknown}
 i - a potion of mutation {unknown}


   Skills:
 + Level 4.5 Fighting
 + Level 3.6 Axes
 + Level 4.5 Armour
 + Level 4.5 Shields


You had 3 spell levels left.
You didn't know any spells.
Your spell library contained the following spells:

 Spells                   Type           Power      Damage    Failure   Level
 Hailstorm                Conj/Ice       0%         3d5       99%         3
 Summon Ice Beast         Ice/Summ       0%         N/A       99%         3
 Teleport Other           Tloc           0%         N/A       99%         3
 Dispersal                Tloc           0%         N/A       100%        6
 Gell's Gavotte           Tloc           0%         2d(11-16) 100%        6
 Permafrost Eruption      Ice/Erth       0%         2x4d1     100%        6
 Sculpt Simulacrum        Ice/Alch       0%         N/A       100%        6


Dungeon Overview and Level Annotations

Branches:
Dungeon (3/15)

Altars:
Wu Jian


Innate Abilities, Weirdness & Mutations

You have a pair of horns on your head.
You reflexively headbutt those who attack you in melee.


Message History

You slash the rat!
You kill the rat!
A gnoll comes into view. It is wielding a +0 halberd.
The gnoll shouts!
A gnoll comes into view. It is wielding a +1 spear of venom.
You hit the gnoll but do no damage. You headbutt the gnoll!
The gnoll is severely wounded.
The gnoll hits you with a +0 flail.
You slash the gnoll!
You kill the gnoll!
A rat comes into view.
The gnoll hits you with a +0 halberd!
You barely miss the gnoll. You headbutt the gnoll!
The gnoll is severely wounded.
The gnoll hits you but does no damage.
You are poisoned.
The gnoll completely misses you.
The rat squeaks loudly.
You slash the gnoll!
You kill the gnoll!
You feel very sick. You block the gnoll's attack.
You feel sick.
The gnoll hits you with a +1 spear of venom.
You are more poisoned.
Things that are here:
a +0 halberd; a gnoll corpse You are too injured to fight recklessly!
You are too injured to fight recklessly!
You are too injured to fight recklessly!
You closely miss the gnoll. Your headbutt misses the gnoll.
You feel very sick.
The gnoll hits you with a +1 spear of venom.
* * * LOW HITPOINT WARNING * * *
You are lethally poisoned!
The gnoll hits you with a +1 spear of venom!
* * * LOW HITPOINT WARNING * * *
You are more poisoned.
It was a potion of cancellation.
You feel magically purged.
You die...

... #.# .## ##
....... ... .. ...
....... #.##.##..
.[......#.#.....
........#.....#
...... ....#..###
#.##..###).g....#
.r....r...@#
###.####†...## #
...# #.....#
#.#.##.## #.....#
##.#.#...###.....#
......._.......>##
.#.###...#.#...##
...#
##.##.#.......
...# #....#.###...


You could see a gnoll and a rat.

Vanquished Creatures
  2 gnolls (D:3)
  4 adders
  A dart slug (D:3)
  A ribbon worm (D:2)
  3 ball pythons
  7 bats
  2 endoplasms
  4 giant cockroaches
  5 goblins
  2 hobgoblins
  4 jackals
  A quokka (D:1)
  11 frilled lizards
  A kobold (D:1)
  3 rats
51 creatures vanquished.

Notes
Turn   | Place    | Note
-------+----------+-------------------------------------------
     0 | D:1      | DrKenneth the Minotaur Fighter began the quest for the Orb.
     0 | D:1      | Reached XP level 1. HP: 19/19 MP: 0/0
    69 | D:1      | Reached XP level 2. HP: 21/27 MP: 1/1
   475 | D:2      | Reached XP level 3. HP: 27/33 MP: 2/2
   872 | D:2      | Reached XP level 4. HP: 40/40 MP: 3/3
  1166 | D:3      | Found an ornate altar of the Wu Jian Council.
  1190 | D:3      | Succumbed to a gnoll's poison

Illustrated notes

Levels and vault maps discovered:
D:1:      dpeg_arrival_pond, layout_rooms, minmay_lizard_pond
D:2:      layout_loops_ring
D:3:      layout_rooms, lemuel_doored_altar, nicolae_overflow_crystal_walls,
          uniq_robin

Skill      XL: |  1  2 |
---------------+-------+-----
Armour         | 4 |  4.5
Axes           | 3 |  3.6
Fighting       | 4 |  4.5
Shields        | 4 |  4.5

Action                     |  1- 3 |  4- 6 || total
---------------------------+-------+-------++-------
  Melee: War axe           |    87 |    14 ||   101
         Headbutt          |     8 |     3 ||    11
    Use: Potion            |       |     1 ||     1
 Armour: Scale mail        |    77 |    11 ||    88
  Dodge: Dodged            |    49 |     5 ||    54
  Block: Buckler           |    22 |     3 ||    25

Table legend: (Time is in decaauts)
 A = Elapsed time spent in this place.
 B = Non-inter-level travel time spent in this place.
 C = Inter-level travel time spent in this place.
 D = Time resting spent in this place.
 E = Time spent auto-exploring this place.
 F = Levels seen in this place.
 G = Mean time per level.
                   A        B        C        D        E       F      G
               +--------+--------+--------+--------+--------+-----+--------+
         Total |   1226 |   1155 |     71 |     72 |    809 |   3 |  408.7 |
       Dungeon |   1226 |   1155 |     71 |     72 |    809 |   3 |  408.7 |
               +--------+--------+--------+--------+--------+-----+--------+

Top non-repeatable levels by time:
     D:2: 720 daAuts
     D:1: 471 daAuts
     D:3: 34 daAuts
